 Dungeon Crawl Stone Soup version 0.28.0-47-ge53b351184 (webtiles) character file.

Game seed: 17466078326950682474

4 Woods the Shield-Bearer (level 1, -1/14 HPs)
             Began as a Gargoyle Fighter on May 8, 2022.
             Slain by a gnoll
             ... wielding a +0 club
              (5 damage)
             ... on level 1 of the Dungeon.
             The game lasted 00:00:17 (257 turns).

Woods the Shield-Bearer (Gargoyle Fighter)           Turns: 257, Time: 00:00:17

Health: -1/14      AC:  9    Str: 19    XL:     1   Next: 70%
Magic:  1/1        EV:  9    Int:  8    God:
Gold:   38         SH:  4    Dex:  9    Spells: 0/0 levels left

rFire   . . .      SeeInvis +   a - +0 flail
rCold   . . .      Faith    .   c - +0 buckler
rNeg    + . .      Spirit   .   b - +0 scale mail
rPois   ∞          Reflect  .   (no helmet)
rElec   +          Harm     .   (no cloak)
rCorr   .          Rampage  .   (no gloves)
Will    .....                   (no boots)
Stlth   ..........              (no amulet)
HPRegen 0.04/turn               f - ring of see invisible
MPRegen 0.07/turn               (no ring)

@: no status effects
A: sickness immunity, AC +2, negative energy resistance 1, electricity
resistance, torment resistance 1, petrification resistance
a: no special abilities


You were on level 1 of the Dungeon.
You visited 1 branch of the dungeon, and saw 1 of its levels.

You collected 38 gold pieces.

Inventory:

Hand Weapons
 a - a +0 flail (weapon)
Armour
 b - a +0 scale mail (worn)
 c - a +0 buckler (worn)
Jewellery
 f - a ring of see invisible (left hand)
Scrolls
 e - a scroll of enchant weapon {unknown}
Potions
 d - a potion of might


   Skills:
 - Level 3.3 Fighting
 + Level 2.3 Maces & Flails
 - Level 3.3 Armour
 - Level 3.3 Shields


You couldn't memorise any spells.
You didn't know any spells.
Your spell library was empty.

Dungeon Overview and Level Annotations

Branches:
Dungeon (1/15)

Altars:


Innate Abilities, Weirdness & Mutations

You are immune to sickness and miasma.
Your stone body is resilient. (AC +2)
You are immune to poison.
You resist negative energy. (rN+)
You are resistant to electric shocks. (rElec)
You are resistant to unholy torment.
You are immune to petrification.


Message History

You closely miss the rat. The rat completely misses you.
The rat bites you but does no damage.
You hit the rat.
You kill the rat!
f - a ring of see invisible You now have 38 gold pieces (gained 10).
A goblin comes into view. It is wielding a +0 club.
The goblin shouts!
A goblin is nearby!
A goblin is nearby!
A goblin is nearby!
Found a runed dagger.
The goblin hits you but does no damage.
You closely miss the goblin. The goblin hits you but does no damage.
You closely miss the goblin. You block the goblin's attack. x2
You sock the goblin!
You kill the goblin!
You see here a +0 club.
f - a ring of see invisible (left hand)
You open the door.
A gnoll comes into view. It is wielding a +0 club.
The gnoll shouts!
A gnoll is nearby!
A gnoll is nearby!
A gnoll is nearby!
You don't know any spells.
Sorry, you're not good enough to have a special ability.
The gnoll completely misses you.
There is an open door here.
You thump the gnoll!
The gnoll is severely wounded.
The gnoll closely misses you. The gnoll barely misses you.
Found a gold piece.
The gnoll barely misses you. The gnoll hits you with a +0 club.
The gnoll hits you with a +0 club!
Ouch! That really hurt!
* * * LOW HITPOINT WARNING * * *
You barely miss the gnoll.
The gnoll is severely wounded.
The gnoll hits you with a +0 club.
You die...

# # # # ### # ..# # #.#
#+## #### #.# #...##
...# ####.# ##.....##
##.# ##.##.###@......#
##.#####.....##g........
.)............'.........
##.#####...####.......$.
##.# #..## ##.......#
...# #.## ##.....## ####
#.# #...## #.# #+## #.#


You could see a gnoll.

Vanquished Creatures
  A ball python (D:1)
  2 goblins (D:1)
  A rat (D:1)
4 creatures vanquished.

Notes
Turn   | Place    | Note
-------+----------+-------------------------------------------
     0 | D:1      | Woods the Gargoyle Fighter began the quest for the Orb.
     0 | D:1      | Reached XP level 1. HP: 14/14 MP: 1/1
   257 | D:1      | Slain by a gnoll

Illustrated notes

Levels and vault maps discovered:
D:1:      dpeg_arrival_leaves_temple_mockup, layout_loops_corners,
          shapermc_ecumenical_altar_petra

Action                   || total
-------------------------++-------
Melee: Flail             ||    15
Armor: Scale mail        ||     9
Dodge: Dodged            ||     7
Block: Buckler           ||     4
